 Dungeon Crawl Stone Soup version 0.27-a0-869-g165b36e3f0 (webtiles) character file.

Game seed: 13053686555315470295

21 mhtbhm the Covered (level 2, 0/19 HPs)
             Began as a Gargoyle Fighter on Apr 2, 2021.
             Slain by an ufetubus (3 damage)
             ... on level 3 of the Dungeon.
             The game lasted 00:00:38 (903 turns).

mhtbhm the Covered (Gargoyle Fighter)                Turns: 903, Time: 00:00:38

Health: 0/19       AC:  9    Str: 19    XL:     2   Next: 87%
Magic:  2/2        EV:  7    Int:  8    God:
Gold:   88         SH:  9    Dex:  9    Spells: 1/1 levels left

rFire    . . .     SeeInvis .   a - +0 flail
rCold    . . .     Faith    .   c - +0 kite shield
rNeg     + . .     Spirit   .   b - +0 scale mail
rPois    ∞         Reflect  .   (no helmet)
rElec    +         Harm     .   (no cloak)
rCorr    .         Rampage  .   (no gloves)
Will     .....                  (no boots)
Stlth    ..........             (no amulet)
HPRegen  0.06/turn              (no ring)
MPRegen  0.08/turn              (no ring)

@: no status effects
A: AC +2, negative energy resistance 1, electricity resistance, torment
resistance 1, unbreathing 1, petrification resistance
a: no special abilities


You were on level 3 of the Dungeon.
You visited 1 branch of the dungeon, and saw 4 of its levels.

You collected 88 gold pieces.

Inventory:

Hand Weapons
 a - a +0 flail (weapon)
Armour
 b - a +0 scale mail (worn)
 c - a +0 kite shield (worn)
Scrolls
 f - a scroll of fog {unknown}
 g - a scroll of torment {unknown}
 h - a scroll of blinking {unknown}
Potions
 d - 2 potions of might
 e - a potion of attraction {unknown}


   Skills:
 + Level 3.5 Fighting
 + Level 2.2 Maces & Flails
 + Level 3.6 Armour
 + Level 3.6 Shields


You had one spell level left.
You didn't know any spells.
Your spell library was empty.

Dungeon Overview and Level Annotations

Branches:
Dungeon (4/15)
 Temple: D:4-7

Altars:


Innate Abilities, Weirdness & Mutations

Your stone body is resilient. (AC +2)
You are immune to poison.
You resist negative energy. (rN+)
You are resistant to electric shocks. (rElec)
You are resistant to unholy torment.
You can survive without breathing.
You are immune to petrification.


Message History

You are too injured to fight recklessly!
You are too injured to fight recklessly!
You are too injured to fight recklessly!
You are too injured to fight recklessly!
You are too injured to fight recklessly!
You are too injured to fight recklessly!
You are too injured to fight recklessly!
You are too injured to fight recklessly!
You are too injured to fight recklessly!
You are too injured to fight recklessly!
You are too injured to fight recklessly!
You closely miss the ufetubus. You block the ufetubus's attack. x2
The hobgoblin hits you. The ufetubus closely misses you. x2
The hobgoblin hits you but does no damage.
You miss the ufetubus.
The ufetubus hits you but does no damage. x2
The ufetubus hits you.
The ufetubus hits you but does no damage.
You block the hobgoblin's attack.
The ufetubus hits you but does no damage.
The ufetubus hits you.
* * * LOW HITPOINT WARNING * * *
You hit the ufetubus.
The ufetubus is severely wounded.
You block the ufetubus's attack. x2; The hobgoblin hits you.
* * * LOW HITPOINT WARNING * * *
The ufetubus completely misses you.
The ufetubus hits you but does no damage.
The hobgoblin hits you but does no damage.
Unknown command.
You closely miss the ufetubus.
The ufetubus is severely wounded.
You block the ufetubus's attack. x2; The hobgoblin barely misses you.
The ufetubus hits you but does no damage.
The ufetubus closely misses you. The hobgoblin barely misses you.
You barely miss the ufetubus.
The ufetubus is severely wounded.
The ufetubus hits you but does no damage.
The ufetubus hits you.
You die...

## #. #. #.
###. ...
#.#######.#
#5@g.......
#########.#


You could see an ufetubus and a hobgoblin.

Vanquished Creatures
  A dart slug (D:3)
  2 ball pythons (D:1)
  A goblin (D:1)
  3 hobgoblins (D:1)
  4 jackals (D:2)
  A quokka (D:1)
  2 kobolds (D:1)
  3 rats
17 creatures vanquished.

Notes
Turn   | Place    | Note
-------+----------+-------------------------------------------
     0 | D:1      | mhtbhm the Gargoyle Fighter began the quest for the Orb.
     0 | D:1      | Reached XP level 1. HP: 14/14 MP: 1/1
   382 | D:1      | Reached XP level 2. HP: 19/19 MP: 2/2
   885 | D:2      | You fall into a shaft and drop 2 floors!
   903 | D:3      | Slain by an ufetubus

Illustrated notes

Levels and vault maps discovered:
D:1:      dpeg_arrival_three_smaller_balls, layout_basic, patterned_corridor
D:2:      layout_loops_ring, uniq_jessica
D:3:      layout_basic
D:4:      layout_loops_ring, dancing_weapons_uskayaw, minmay_temple_entry_hall,
          serial_shops, nicolae_shop_waterfront

Action                   || total
-------------------------++-------
Melee: Flail             ||    56
Armor: Scale mail        ||    40
Dodge: Dodged            ||    28
Block: Kite shield       ||    48

Table legend: (Time is in decaauts)
 A = Elapsed time spent in this place.
 B = Non-inter-level travel time spent in this place.
 C = Inter-level travel time spent in this place.
 D = Time resting spent in this place.
 E = Time spent auto-exploring this place.
 F = Levels seen in this place.
 G = Mean time per level.
                   A        B        C        D        E       F      G
               +--------+--------+--------+--------+--------+-----+--------+
         Total |    930 |    870 |     60 |      0 |    738 |   4 |  232.5 |
       Dungeon |    930 |    870 |     60 |      0 |    738 |   4 |  232.5 |
               +--------+--------+--------+--------+--------+-----+--------+

Top non-repeatable levels by time:
     D:1: 806 daAuts
     D:2: 102 daAuts
     D:3: 16 daAuts
     D:4: 5 daAuts
